Map: Oxide LE

Players

Clem

  • Race: Terran Terran

Hellraiser - Winner!

  • Race: Protoss Protoss

Event: DreamHack SC2 Masters 2021 Winter

VOD

Have the link to the VOD?

Description

Time

  • Played on: Oct. 1, 2021, 1:01 p.m.
  • Length: 15:24

All games in this series

Show
View Real Time Build Order
Export as new Build Order

Clem Terran 

Build Orders:  

Get SALT Encoding   

  12  0:00  SCV  
  13  0:12  SCV  
  14  0:16  Supply Depot  
  14  0:24  SCV  
  15  0:38  SCV  
  15  0:39  Barracks  
  16  0:43  Refinery  
  16  0:50  SCV  
  17  1:02  SCV  
  18  1:14  SCV  
  19  1:27  Barracks Reactor, Orbital Command  
  19  1:43  Command Center  
  19  1:50  Supply Depot  
  19  1:53  SCV  
  20  2:04  Factory  
  20  2:05  Marine  
  21  2:09  Marine  
  21  2:12  SCV  
  23  2:21  Refinery  
  23  2:23  Marine  
  23  2:24  SCV  
  23  2:27  Marine  
  25  2:35  Bunker  
  25  2:36  SCV  
  26  2:42  Marine  
  27  2:45  Marine  
  27  2:48  SCV  
  27  2:49  Factory Tech Lab  
  29  2:57  Orbital Command  
  29  3:02  SCV  
  30  3:10  Cyclone  
  30  3:12  Marine  
  34  3:15  Marine  
  34  3:17  Orbital Command  
  34  3:18  SCV  
  35  3:29  Starport  
  35  3:30  SCV  
  36  3:35  Marine x2  
  38  3:42  SCV x2  
  40  3:49  Barracks  
  40  3:51  Supply Depot  
  40  3:53  Factory Tech Lab  
  40  3:54  SCV  
  41  3:57  SCV  
  41  3:59  Marine  
  41  4:00  Marine  
  44  4:06  SCV  
  44  4:09  Bunker  
  45  4:10  SCV  
  46  4:18  Cyclone  
  46  4:21  SCV  
  46  4:23  SCV  
  51  4:27  Supply Depot  
  51  4:30  Marine  
  51  4:31  Marine  
  53  4:33  SCV  
  54  4:42  Supply Depot  
  54  4:44  Stimpack  
  54  4:48  Engineering Bay  
  54  4:49  SCV x2, Marine  
  54  4:50  Starport Reactor  
  57  4:53  Marine x2  
  57  4:56  Factory Reactor  
  59  5:00  Supply Depot  
  59  5:01  SCV  
  59  5:02  Barracks  
  59  5:04  SCV  
  60  5:08  Marine  
  60  5:12  Marine  
  60  5:13  SCV, Marine  
  64  5:16  Supply Depot, SCV  
  65  5:24  Supply Depot, Terran Infantry Weapons Level 1  
  65  5:25  SCV  
  65  5:26  Marine  
  65  5:27  Refinery  
  65  5:28  SCV  
  68  5:30  Marine  
  68  5:31  Marine  
  68  5:32  Supply Depot  
  68  5:35  Widow Mine  
  71  5:36  Widow Mine  
  71  5:41  SCV x2  
  75  5:44  Marine  
  75  5:47  Supply Depot, Refinery  
  75  5:48  Marine  
  75  5:49  Marine  
  77  5:51  Combat Shield  
  77  5:52  Marine  
  77  5:54  SCV  
  77  5:56  SCV  
  80  6:06  SCV  
  80  6:07  Marine  
  82  6:12  Command Center  
  82  6:15  Missile Turret  
  82  6:17  Missile Turret  
  83  6:19  Medivac  
  83  6:20  Medivac  
  83  6:23  SCV  
  83  6:24  SCV  
  87  6:26  Marauder  
  87  6:27  Marauder  
  87  6:30  Widow Mine x2  
  95  6:33  Marine x2  
  95  6:38  Supply Depot  
  95  6:39  Concussive Shells  
  97  6:45  Barracks x2  
  97  6:48  SCV x2  
  97  6:53  Medivac x2  
  103  6:58  Widow Mine x2  
  107  7:02  Supply Depot  
  107  7:03  Marine x2  
  107  7:06  SCV x2  
  111  7:09  Marauder  
  111  7:14  Marauder  
  115  7:21  SCV x2  
  117  7:26  Widow Mine x2  
  121  7:30  Marauder, Medivac x2  
  121  7:33  SCV  
  121  7:35  SCV  
  121  7:36  Supply Depot  
  126  7:38  Barracks Tech Lab, Barracks Reactor  
  126  7:40  Marauder  
  126  7:43  Terran Infantry Armor Level 1  
  128  7:45  SCV  
  128  7:47  SCV  
  130  7:52  Supply Depot  
  130  7:56  Orbital Command  
  130  7:57  SCV  
  131  8:00  SCV  
  131  8:03  Viking  
  131  8:05  Viking  
  136  8:10  SCV  
  136  8:12  Marauder, Supply Depot  
  141  8:13  Marauder  
  141  8:14  Marauder  
  141  8:18  SCV  
  144  8:22  SCV  
  144  8:23  Supply Depot  
  145  8:28  Supply Depot, SCV  
  145  8:33  Marauder  
  148  8:34  Viking  
  148  8:38  Command Center  
  145  8:44  SCV  
  145  8:45  SCV  
  145  8:46  Engineering Bay, Armory  
  145  8:49  SCV  
  145  8:50  Viking  
  145  8:54  Refinery  
  145  8:55  Refinery  
  148  8:59  Starport  
  148  9:00  Ghost Academy  
  148  9:06  Marauder x2  
  152  9:10  Supply Depot  
  152  9:13  Viking  
  152  9:16  Marauder  
  154  9:19  SCV x2  
  154  9:20  Supply Depot  
  156  9:27  Marauder  
  156  9:29  Viking  
  156  9:30  Supply Depot  
  160  9:32  Missile Turret, SCV x2  
  160  9:34  Ghost  
  160  9:37  Ghost  
  166  9:47  Viking x2, Ghost  
  166  9:51  Viking  
  173  9:54  Terran Infantry Weapons Level 2  
  173  9:59  Terran Infantry Armor Level 2  
  173  10:00  SCV  
  173  10:01  SCV  
  173  10:06  Terran Ship Weapons Level 1  
  175  10:10  Ghost  
  177  10:19  Viking x2  
  177  10:21  Orbital Command  
  180  10:23  Missile Turret, SCV x2  
  180  10:24  SCV, Refinery x2  
  183  10:30  Viking  
  183  10:31  Viking  
  185  10:35  SCV  
  185  10:38  Factory Reactor  
  186  10:54  Missile Turret  
  186  10:56  Missile Turret  
  186  10:57  Starport, Enhanced Shockwaves  
  186  10:59  Missile Turret x2, Viking x2  
  186  11:01  SCV  
  186  11:02  Viking x2  
  195  11:05  SCV  
  195  11:06  SCV  
  195  11:08  SCV  
  195  11:09  Command Center  
  194  11:17  SCV  
  184  11:27  SCV  
  184  11:28  SCV x2  
  184  11:29  SCV, Viking x2  
  184  11:32  Viking x2  
  196  11:35  Starport  
  196  11:39  Factory Reactor, Viking x2  
  192  11:59  Viking x2  
  196  12:02  Viking x2, Command Center  
  196  12:07  Terran Ship Weapons Level 2  
  194  12:09  Viking x2  
  198  12:29  Viking  
  194  12:32  Viking x2  
  198  12:44  Viking x2  
  198  12:52  Refinery  
  198  12:53  Refinery  
  198  12:59  Viking  
  198  13:05  Missile Turret x3  
  196  13:06  Viking  
  196  13:07  Missile Turret x3  
  196  13:14  Viking  
  196  13:15  Viking  
  177  13:20  Viking x2  
  181  13:34  Missile Turret  
  181  13:35  Viking x2  
  181  13:36  Viking x2  
  181  13:37  Orbital Command  
  181  13:38  Missile Turret  
  188  13:41  Missile Turret  
  188  13:48  Ghost x2  
  179  13:49  Marine  
  179  13:50  Viking x2  
  179  13:51  Viking  
  179  13:52  Ghost  
  189  14:07  Missile Turret  
  187  14:21  Viking x2  
  187  14:22  Viking  
  186  14:24  Ghost  
  186  14:28  Ghost x2  
  187  14:32  Viking  
  184  14:38  SCV  
  184  14:40  SCV  
  184  14:43  Viking  
  159  14:46  Viking  
  159  14:48  Viking  
  159  14:50  SCV  
Show
View Real Time Build Order
Export as new Build Order

Hellraiser Protoss - Winner!

Build Orders: Phoenix Opening, Carriers, Mass Phoenix, Colossus Rush 

Get SALT Encoding   

  12  0:00  Probe  
  13  0:13  Probe  
  14  0:17  Pylon  
  14  0:25  Probe (Chrono Boost)  
  15  0:36  Gateway  
  15  0:37  Probe (Chrono Boost)  
  16  0:43  Probe (Chrono Boost)  
  16  0:45  Assimilator  
  17  0:51  Probe  
  17  0:54  Assimilator  
  18  1:03  Probe (Chrono Boost)  
  18  1:04  Pylon  
  19  1:14  Probe (Chrono Boost)  
  20  1:18  Probe (Chrono Boost)  
  20  1:23  Cybernetics Core  
  21  1:28  Zealot  
  21  1:32  Probe  
  24  1:44  Probe  
  25  1:59  Adept (Chrono Boost)  
  27  2:03  Stargate  
  27  2:16  Probe  
  30  2:32  Nexus  
  30  2:38  Pylon  
  30  2:42  Probe  
  31  2:46  Phoenix  
  31  2:56  Probe  
  31  2:57  Robotics Facility  
  32  3:08  Probe  
  32  3:12  Phoenix (Chrono Boost)  
  35  3:20  Probe  
  36  3:31  Phoenix  
  36  3:32  Probe  
  36  3:33  Pylon  
  39  3:36  Assimilator  
  39  3:44  Probe (Chrono Boost)  
  39  3:46  Observer  
  42  3:51  Robotics Bay, Probe (Chrono Boost)  
  43  3:56  Probe (Chrono Boost)  
  43  4:00  Probe x2 (Chrono Boost)  
  45  4:05  Phoenix  
  47  4:10  Probe  
  47  4:11  Probe  
  47  4:14  Assimilator  
  49  4:22  Probe  
  49  4:23  Probe  
  51  4:30  Phoenix  
  53  4:34  Probe  
  53  4:36  Pylon  
  54  4:39  Colossus (Chrono Boost)  
  60  4:45  Probe  
  60  4:46  Probe  
  60  4:51  Pylon  
  62  4:56  Phoenix  
  62  4:57  Observer  
  62  4:59  Probe  
  66  5:00  Probe  
  66  5:09  Extended Thermal Lance  
  66  5:11  Probe  
  66  5:12  Probe  
  68  5:14  Pylon  
  68  5:20  Colossus (Chrono Boost)  
  68  5:22  Observer  
  68  5:28  Shield Battery  
  74  5:33  Phoenix  
  76  5:39  Probe x2  
  78  5:55  Shield Battery  
  78  5:58  Phoenix  
  78  5:59  Colossus (Chrono Boost), Pylon  
  86  6:12  Nexus  
  86  6:16  Pylon  
  86  6:17  Probe x2  
  88  6:24  Phoenix  
  90  6:29  Probe x2  
  92  6:35  Shield Battery  
  92  6:36  Shield Battery  
  92  6:38  Observer  
  92  6:39  Forge  
  93  6:42  Probe  
  93  6:43  Protoss Air Weapons Level 1  
  93  6:44  Probe  
  95  6:47  Observer  
  95  6:51  Phoenix  
  97  6:54  Probe  
  97  6:56  Probe  
  97  6:58  Pylon, Shield Battery  
  97  7:00  Observer  
  100  7:06  Fleet Beacon  
  100  7:12  Assimilator  
  100  7:15  Stargate  
  100  7:16  Assimilator  
  100  7:20  Photon Cannon  
  101  7:22  Probe  
  101  7:23  Probe  
  101  7:28  Phoenix  
  104  7:35  Probe  
  103  7:37  Probe  
  103  7:39  Probe, Shield Battery  
  103  7:43  Colossus (Chrono Boost)  
  105  7:47  Probe  
  105  7:49  Probe  
  113  7:51  Probe  
  113  7:55  Photon Cannon  
  114  7:59  Photon Cannon, Anion Pulse-Crystals (Chrono Boost)  
  114  8:10  Phoenix  
  114  8:11  Pylon  
  118  8:17  Photon Cannon  
  118  8:26  Stargate  
  118  8:29  Pylon  
  118  8:31  Pylon  
  118  8:32  Phoenix  
  118  8:33  Pylon  
  118  8:37  Probe x3 (Chrono Boost)  
  110  8:49  Probe x2 (Chrono Boost)  
  110  8:55  Probe (Chrono Boost)  
  111  8:56  Probe x2 (Chrono Boost)  
  111  8:57  Carrier (Chrono Boost)  
  111  9:01  Probe (Chrono Boost)  
  111  9:02  Carrier (Chrono Boost)  
  124  9:22  Pylon  
  124  9:26  Protoss Air Weapons Level 2  
  130  9:31  Shield Battery  
  130  9:33  Pylon  
  130  9:35  Photon Cannon  
  130  9:38  Carrier (Chrono Boost)  
  130  9:39  Pylon  
  130  9:41  Disruptor (Chrono Boost)  
  132  9:50  Carrier (Chrono Boost)  
  144  10:03  Pylon  
  144  10:06  Pylon  
  144  10:13  Nexus  
  144  10:14  Carrier (Chrono Boost)  
  144  10:24  Photon Cannon  
  144  10:26  Photon Cannon  
  144  10:28  Pylon  
  144  10:33  Carrier (Chrono Boost)  
  156  10:47  Carrier (Chrono Boost)  
  156  10:50  Disruptor  
  156  10:55  Pylon x2  
  159  11:05  Carrier  
  164  11:16  Stargate  
  164  11:19  Pylon  
  158  11:28  Disruptor  
  158  11:29  Carrier (Chrono Boost)  
  167  11:33  Pylon  
  163  11:49  Nexus  
  159  11:58  Pylon  
  159  11:59  Protoss Air Weapons Level 3 (Chrono Boost)  
  158  12:04  Carrier (Chrono Boost)  
  158  12:06  Observer  
  165  12:10  Pylon  
  165  12:13  Probe x2  
  167  12:30  Carrier (Chrono Boost)  
  167  12:31  Probe  
  168  12:39  Carrier (Chrono Boost)  
  170  12:44  Carrier (Chrono Boost)  
  175  12:51  Probe x2  
  175  12:53  Shield Battery  
  175  12:57  Probe  
  177  13:01  Probe  
  177  13:03  Probe x2  
  174  13:25  Carrier (Chrono Boost)  
  186  13:32  Assimilator x2  
  186  13:34  Carrier (Chrono Boost)  
  186  13:45  Carrier (Chrono Boost)  
  196  14:05  Carrier (Chrono Boost)  
  196  14:07  Photon Cannon  
  196  14:09  Photon Cannon  
  194  14:18  Observer  
  193  14:32  Stargate  
  193  14:34  Nexus  
  193  14:39  Observer  

Tags
 
Add a new tag
Caveats
  • Supply blocks, unpowered buildings, or Contaminate may cause inaccurate times.
  • Supply counts are checked every 10 seconds.